 Dungeon Crawl Stone Soup version 0.21-a0-2-ge494091 (webtiles) character file.

250 nalnalital the Slasher (level 5, 0/39 HPs)
             Began as a Vampire Gladiator on May 22, 2017.
             Was a Follower of Ashenzari.
             Slain by a jelly (2 damage)
             ... on level 5 of the Dungeon.
             The game lasted 00:31:55 (1942 turns).

nalnalital the Slasher (Vampire Gladiator)          Turns: 1942, Time: 00:31:56

Health: 0/39       AC: -5    Str: 13    XL:     5   Next: 88%
Magic:  5/5        EV: 13    Int: 10    God:    Ashenzari [*.....]
Gold:   127        SH:  0    Dex: 17    Spells: 4/4 levels left

rFire    + . .     SeeInvis +   a - +0 long sword
rCold    . . .     Gourm    .   (no shield)
rNeg     + + .     Faith    .   d - +0 ring mail
rPois    +         Spirit   .   c - +0 helmet
rElec    .         Reflect  .   (no cloak)
rCorr    .         Harm     .   (no gloves)
MR       .....                  (no boots)
Stlth    ++........             (no amulet)
Regen    0.1/turn               t - ring of see invisible
MPRegen  0.1/turn               v - ring of fire

@: corroded, regenerating slowly
A: fangs 3, see invisible, unbreathing
a: Bat Form, Curse Item, Scrying, Renounce Religion


You were on level 5 of the Dungeon.
You worshipped Ashenzari.
Ashenzari was aware of your devotion.
You were very thirsty.

You visited 2 branches of the dungeon, and saw 6 of its levels.

You collected 127 gold pieces.

Inventory:

Hand Weapons
 a - a +0 long sword (weapon)
 g - a +0 whip
 p - a +0 hunting sling
Missiles
 i - 3 throwing nets (quivered)
Armour
 b - a +0 centaur barding
 c - a +0 helmet (worn)
 d - a +0 ring mail (worn)
Jewellery
 t - a ring of see invisible (left hand)
 v - a ring of fire (right hand)
Wands
 u - a wand of iceblast (13/15)
Scrolls
 h - 2 scrolls of remove curse
 j - 4 scrolls of identify
 k - 2 scrolls of enchant weapon {unknown}
 n - 5 scrolls of recharging
 o - a scroll of blinking {unknown}
 s - a scroll of random uselessness {unknown}
Potions
 l - 2 potions of flight
 m - 2 potions of lignification
 q - a potion of curing
 r - a potion of might


   Skills:
 + Level 2.6 Fighting
 + Level 5.0 Long Blades
 + Level 1.8 Throwing
 + Level 1.8 Armour
 + Level 4.0 Dodging
 + Level 1.4 Stealth


You had 4 spell levels left.
You didn't know any spells.

Dungeon Overview and Level Annotations

Branches:
Dungeon (5/15)             Temple (1/1) D:4

Altars:
Ashenzari
Dithmenos
Elyvilon
Gozag
Kikubaaqudgha
Makhleb
Nemelex Xobeh
Okawaru
Qazlal
Sif Muna
Trog
Vehumet
Xom
Zin
The Shining One

Annotations:
D:5 Blork the orc


Innate Abilities, Weirdness & Mutations

You heal slowly.
You have razor-sharp teeth.
You have supernaturally acute eyesight. (SInv)
You can survive without breathing.


Message History

Found 2 fruits.
You hit the jelly. The acid corrodes you!
Your hands burn!
* * * LOW HITPOINT WARNING * * *
The jelly is moderately wounded.
The jelly closely misses you.
You hit the jelly but do no damage. The acid corrodes you!
Your hands burn!
* * * LOW HITPOINT WARNING * * *
The jelly is moderately wounded.
Blork the orc screams, "I don't like you!"
The jelly barely misses you.
You hit the jelly. The acid corrodes you!
Your hands burn!
* * * LOW HITPOINT WARNING * * *
The jelly is severely wounded.
Blork the orc miscasts a cantrip.
The jelly completely misses you.
You hit the jelly but do no damage.
Your hands burn!
* * * LOW HITPOINT WARNING * * *
The jelly is severely wounded.
The jelly hits you.
You die...

. # .. ... [.. .
.. ....#.#######
#..........##
####........#####
######..oJ@..#
..........###.#
########..# #
#.... #.#### #.#
#.# #%.


You could see Blork the orc and a jelly.

Vanquished Creatures
  A centaur (D:4)
  A hound (D:4)
  Natasha (D:4)
  A worker ant (D:4)
  4 adders
  A worm (D:4)
  2 leopard geckos
  3 ball pythons
  4 goblins
  5 hobgoblins
  9 jackals
  7 bats
  A frilled lizard (D:1)
  A jackal skeleton (D:4)
  6 kobolds
  8 rats
55 creatures vanquished.

Notes
Turn   | Place    | Note
-------+----------+-------------------------------------------
     0 | D:1      | nalnalital the Vampire Gladiator began the quest for the Orb.
     0 | D:1      | Reached XP level 1. HP: 16/16 MP: 1/1
   173 | D:2      | Found a glowing golden altar of the Shining One.
   184 | D:2      | Reached XP level 2. HP: 18/22 MP: 2/2
   452 | D:1      | Reached XP level 3. HP: 15/27 MP: 3/3
   711 | D:2      | Found a shattered altar of Ashenzari.
   724 | D:2      | Became a worshipper of Ashenzari the Shackled
  1418 | D:4      | Reached skill level 4 in Long Blades
  1418 | D:4      | Reached XP level 4. HP: 30/33 MP: 4/4
  1464 | D:4      | Reached * piety under Ashenzari
  1472 | D:5      | Entered Level 5 of the Dungeon
  1472 | D:5      | Noticed a gnoll sergeant
  1499 | D:4      | Reached skill level 1 in Stealth
  1561 | D:4      | Reached skill level 1 in Armour
  1581 | D:4      | Noticed a centaur
  1591 | D:4      | Killed a centaur
  1591 | D:4      | Reached XP level 5. HP: 21/39 MP: 5/5
  1628 | D:4      | Noticed Natasha
  1642 | D:4      | Killed Natasha
  1667 | D:4      | Found a radiant altar of Vehumet.
  1788 | D:4      | Reached skill level 5 in Long Blades
  1800 | D:4      | Found a staircase to the Ecumenical Temple.
  1806 | Temple   | Entered the Ecumenical Temple
  1926 | D:5      | Noticed Blork the orc
  1942 | D:5      | Slain by a jelly

Vault maps used:
D:1:      scummos_arrival_star, minmay_misc_feat_roman,
          minmay_shallow_snake_nest
D:2:      overflow_temple_1_default, overflow_temple_1_default,
          minmay_heptomino_l4
D:3:      lemuel_another_geyser
D:4:      vehumet_crystals, minmay_temple_entry_fiery, first_bread,
          serial_glass, glass_columns_c, glass_columns_a, st_stairs_12,
          uniq_natasha
D:5:      cheibriados_altar_1, gammafunk_temple_overflow_arena,
          dancing_weapons_uskayaw, kennysheep_nondescript,
          vehumet_altar_wand_db, uniq_blork_the_orc
Temple:   nicolae_temple_x_marks_the_god

Skill      XL: |  1  2  3  4  5 |
---------------+----------------+-----
Fighting       | 2 |  2.6
Long Blades    | 4 5 |  5.0
Stealth        | 1 |  1.4
Armour         | 1 |  1.8
Dodging        | 4 |  4.0
Throwing       | |  1.8

Action                   |  1- 3 |  4- 6 || total
-------------------------+-------+-------++-------
Melee: Long sword        |    96 |    57 ||   153
       Bite              |    12 |     6 ||    18
Evoke: Wand              |       |     1 ||     1
  Use: Potion            |     3 |     1 ||     4
       Scroll            |       |     3 ||     3
 Stab: Sleeping          |     3 |       ||     3
Armor: Leather armour    |    19 |       ||    19
       Ring mail         |    16 |    14 ||    30
       Skin              |     9 |       ||     9
Dodge: Dodged            |    88 |    34 ||   122
       Rpst.: Long sword |    29 |     7 ||    36
